 Dungeon Crawl Stone Soup version 0.28-a0-862-g58c29a6370 (webtiles) character file.

Game seed: 12343208398346122602

273 Peloso the Covered (level 6, -6/53 HPs)
             Began as a Minotaur Fighter on Nov 16, 2021.
             Mangled by an orc warrior (13 damage)
             ... on level 6 of the Dungeon.
             The game lasted 00:07:46 (4251 turns).

Peloso the Covered (Minotaur Fighter)               Turns: 4251, Time: 00:07:49

Health: -6/53      AC: 13    Str: 21    XL:     6   Next: 2%
Magic:  5/5        EV:  6    Int:  5    God:
Gold:   118        SH:  0    Dex: 17    Spells: 5/5 levels left

rFire   . . .      SeeInvis +   a - +0 falchion (vamp)
rCold   . . .      Faith    .   c - +0 buckler
rNeg    . . .      Spirit   .   l - +0 plate armour
rPois   .          Reflect  .   (helmet restricted)
rElec   .          Harm     .   (no cloak)
rCorr   .          Rampage  .   (no gloves)
Will    .....                   e - +0 pair of boots
Stlth   ..........              (no amulet)
HPRegen 0.17/turn               j - +6 ring of dexterity
MPRegen 0.09/turn               k - ring of see invisible

@: confused
A: horns 2, retaliatory headbutt
a: no special abilities


You were on level 6 of the Dungeon.
You visited 1 branch of the dungeon, and saw 6 of its levels.

You collected 118 gold pieces.

Inventory:

Hand Weapons
 a - a +0 vampiric falchion (weapon)
 b - a +0 hand axe of freezing
Armour
 c - a +0 buckler (worn)
 e - a +0 pair of boots (worn)
 g - a +0 scale mail
 l - a +0 plate armour (worn)
Jewellery
 h - an amulet of magic regeneration
 j - a +6 ring of dexterity (left hand)
 k - a ring of see invisible (right hand)
 n - a ring of resist corrosion
Wands
 o - a wand of digging (6)
Scrolls
 f - 4 scrolls of teleportation
 i - a scroll of amnesia
 m - a scroll of immolation
 p - a scroll of identify
Potions
 d - a potion of might
 q - a potion of resistance {unknown}


   Skills:
 + Level 4.5 Fighting
 + Level 4.7 Long Blades
 + Level 5.8 Armour
 + Level 0.2 Dodging
 + Level 4.4 Shields


You had 5 spell levels left.
You didn't know any spells.
Your spell library contained the following spells:

 Spells                   Type           Power      Damage    Failure   Level
 Foxfire                  Conj/Fire      0%         2x1d4     100%        1
 Conjure Flame            Conj/Fire      0%         6-21      100%        3
 Dazzling Flash           Conj/Hex       0%         N/A       100%        3
 Inner Flame              Hex/Fire       0%         N/A       100%        3
 Flame Wave               Conj/Fire      0%         3d3       100%        4
 Agony                    Necr           0%         N/A       100%        5
 Silence                  Hex/Air        0%         N/A       100%        5


Dungeon Overview and Level Annotations

Branches:
Dungeon (6/15)
 Temple: D:4-7

Altars:


Innate Abilities, Weirdness & Mutations

You have a pair of horns on your head.
You reflexively headbutt those who attack you in melee.


Message History

The adder is heavily wounded.
The adder bites you but does no damage. The adder closely misses you.
You furiously retaliate!
You headbutt the adder. You closely miss the adder.
Your headbutt misses the adder.
The adder is heavily wounded.
You block the adder's attack.
You hit the adder.
You feel better.
You kill the adder!
You have reached level 6!
Your experience leads to an increase in your attributes!
Your base attributes are Str 21, Int 5, Dex 10.
Increase (S)trength, (I)ntelligence, or (D)exterity?
You feel agile.
You see here an adder corpse.
Items here: ( ) [ ††.
Okay, then.
You start resting.
HP restored.
There is a stone staircase leading down here.
You climb downwards.
There is a stone staircase leading up here.
The orc throws a boomerang.
You block the boomerang.
The orc throws a boomerang.
The boomerang barely misses you.
The orc wizard gestures at you while chanting.
You are confused.
Things that are here:
a +0 leather armour; a +0 short sword; an orc corpse The orc warrior hits you with a +0 glaive!!
The orc hits you but does no damage.
The orc warrior hits you from afar with a +0 glaive!
The orc throws a boomerang.
The boomerang hits you.
There is a stone staircase leading up, spattered with blood here.
The orc warrior hits you from afar with a +0 glaive!
* * * LOW HITPOINT WARNING * * *
The orc wizard casts a spell at you. You resist with some effort.
In your confused state, you trip and fall back down the stairs.
* * * LOW HITPOINT WARNING * * *
The orc warrior hits you from afar with a +0 glaive!
You die...

##.... #.....
.... ##.....
.$.. .....)
.....
..#....####.....
......#.......
##........#
...#...@.....##
#....o[.....#
.......o..##....
...........# ..
...o.........
.......#.......
.......##.....>.
....... .......
....... .......


You could see an orc warrior, an orc wizard and an orc.

Vanquished Creatures
  Ijyb (D:3)
  Natasha (thrice) (D:3)
  3 gnolls (D:4)
  7 adders
  A worm (D:4)
  7 orcs
  8 ball pythons
  5 endoplasms
  A giant cockroach (D:1)
  3 goblins
  8 hobgoblins
  2 jackals (D:2)
  A quokka (D:1)
  9 bats
  3 frilled lizards
  8 kobolds
  6 rats
76 creatures vanquished.

Notes
Turn   | Place    | Note
-------+----------+-------------------------------------------
     0 | D:1      | Peloso the Minotaur Fighter began the quest for the Orb.
     0 | D:1      | Reached XP level 1. HP: 19/19 MP: 0/0
   233 | D:1      | Found a faded altar of an unknown god.
   254 | D:1      | Reached XP level 2. HP: 15/27 MP: 1/1
   585 | D:1      | Reached skill level 4 in Armour
   816 | D:2      | Reached XP level 3. HP: 15/33 MP: 2/2
  1808 | D:2      | Reached XP level 4. HP: 40/40 MP: 3/3
  2021 | D:3      | Noticed Natasha
  2356 | D:3      | Noticed Ijyb
  2366 | D:3      | Killed Ijyb
  2740 | D:3      | Reached skill level 5 in Armour
  2948 | D:3      | Killed Natasha
  2949 | D:3      | Reached XP level 5. HP: 47/47 MP: 4/4
  2989 | D:3      | Noticed Natasha
  2996 | D:3      | Killed Natasha
  3032 | D:3      | Noticed Natasha
  3040 | D:3      | Killed Natasha
  4087 | D:5      | Entered Level 5 of the Dungeon
  4205 | D:6      | Noticed an orc warrior
  4225 | D:5      | Reached XP level 6. HP: 50/53 MP: 5/5
  4251 | D:6      | Mangled by an orc warrior

Illustrated notes

Levels and vault maps discovered:
D:1:      ebering_trefoil_3fold, layout_basic,
          ebering_ecumenical_altar_petrified
D:2:      layout_rooms, hangedman_glass_teeth
D:3:      layout_basic, minmay_misc_feat_plants, uniq_ijyb, uniq_natasha
D:4:      layout_basic
D:5:      layout_basic, kennysheep_generic_room_6, uniq_eustachio
D:6:      layout_cave_pools, kennysheep_small_spiral, nicolae_shop_clearance,
          uniq_duvessa

Skill      XL: |  1  2  3  4  5 |
---------------+----------------+-----
Shields        | 4 |  4.4
Armour         | 4 5 |  5.8
Fighting       | 4 |  4.5
Long Blades    | 3 4 |  4.7
Dodging        | |  0.2

Action                   |  1- 3 |  4- 6 || total
-------------------------+-------+-------++-------
Melee: Long sword        |    93 |    65 ||   158
       Headbutt          |    12 |    22 ||    34
       Falchion          |       |    33 ||    33
  Use: Scroll            |     2 |     2 ||     4
Armor: Scale mail        |    54 |       ||    54
       Plate armour      |     3 |    54 ||    57
Dodge: Dodged            |    46 |    28 ||    74
Block: Buckler           |    26 |    31 ||    57

Table legend: (Time is in decaauts)
 A = Elapsed time spent in this place.
 B = Non-inter-level travel time spent in this place.
 C = Inter-level travel time spent in this place.
 D = Time resting spent in this place.
 E = Time spent auto-exploring this place.
 F = Levels seen in this place.
 G = Mean time per level.
                   A        B        C        D        E       F      G
               +--------+--------+--------+--------+--------+-----+--------+
         Total |   4294 |   4199 |     95 |    841 |   2435 |   6 |  715.7 |
       Dungeon |   4294 |   4199 |     95 |    841 |   2435 |   6 |  715.7 |
               +--------+--------+--------+--------+--------+-----+--------+

Top non-repeatable levels by time:
     D:3: 1327 daAuts
     D:1: 1111 daAuts
     D:2: 871 daAuts
     D:4: 862 daAuts
     D:5: 99 daAuts
     D:6: 21 daAuts
